 Dungeon Crawl Stone Soup version 0.29.1-4-g47bece8355 (webtiles) character file.

Game seed: 1328201775032510937

14307 Hercules1031 the Carver (level 12, -2/92 HPs)
             Began as a Gnoll Wanderer on Dec 8, 2022.
             Was a High Priest of Okawaru.
             Slain by a blink frog (18 damage)
             ... on level 1 of the Lair of Beasts.
             The game lasted 00:44:08 (10932 turns).

Hercules1031 the Carver (Gnoll Wanderer)           Turns: 10932, Time: 00:44:09

Health: -2/92      AC: 25    Str: 16    XL:     12   Next: 15%
Magic:  23/23      EV:  8    Int:  9    God:    Okawaru [*****.]
Gold:   543        SH:  5    Dex: 21    Spells: 24/26 levels left

rFire   . . .      SeeInvis .   x - +5 quarterstaff (chaos)
rCold   + . .      Faith    .   (shield currently unavailable)
rNeg    + . .      Spirit   .   Q - +2 plate armour {rC+}
rPois   .          Reflect  +   u - +2 helmet
rElec   .          Harm     .   o - +2 cloak
rCorr   .          Rampage  .   i - +2 pair of gloves
Will    .....                   (no boots)
Stlth   ..........              P - amulet of reflection
HPRegen 0.25/turn               H - +6 ring of dexterity
MPRegen 0.18/turn               q - ring of positive energy

@: no status effects
A: fangs 1, strong nose, distributed training
a: Renounce Religion, Heroism, Finesse, Duel


You were on level 1 of the Lair of Beasts.
You worshipped Okawaru.
Okawaru was extremely pleased with you.
You visited 2 branches of the dungeon, and saw 13 of its levels.
You also visited: Ossuary.

You collected 858 gold pieces.
You spent 315 gold pieces at shops.

Inventory:

Hand Weapons
 x - a +5 quarterstaff of chaos (weapon)
Missiles
 n - 3 throwing nets
 K - 9 poisoned darts (quivered)
Armour
 i - a +2 pair of gloves (worn)
 j - a +0 buckler
 o - a +2 cloak (worn)
 s - the +1 leather armour of Bedevilment {rF+}
   (You found it on level 3 of the Dungeon)

   rF:        It protects you from fire.
 u - a +2 helmet (worn)
 M - the +0 pair of gloves "Yhusipni" {Will+ Regen+ Str+2}
   (Okawaru gifted it to you on level 9 of the Dungeon)

   Str:       It affects your strength (+2).
   Regen:     It increases your rate of health regeneration.
   Will:      It increases your willpower.
 Q - a +2 plate armour of cold resistance (worn)
Magical Staves
 O - a staff of air
Jewellery
 q - a ring of positive energy (right hand)
 F - a ring of poison resistance
 H - a +6 ring of dexterity (left hand)
 P - an amulet of reflection (around neck)
Wands
 v - a wand of roots (8)
 w - a wand of digging (3)
Scrolls
 b - a scroll of magic mapping
 e - 3 scrolls of teleportation
 m - a scroll of fear
 y - 3 scrolls of fog
 A - 4 scrolls of enchant weapon
 G - 3 scrolls of identify
 J - a scroll of silence
 L - a scroll of blinking
Potions
 a - 2 potions of cancellation {unknown}
 d - 2 potions of attraction
 g - 4 potions of lignification
 k - 6 potions of curing
 l - 3 potions of mutation
 z - 4 potions of brilliance
 B - a potion of experience {unknown}
 C - 2 potions of haste
 D - 2 potions of might {unknown}
 E - a potion of invisibility {unknown}
 I - a potion of flight {unknown}


   Skills:
 + Level 7.8 Fighting
 + Level 7.2 Short Blades
 + Level 11.2 Long Blades
 + Level 7.8 Axes
 + Level 7.2 Maces & Flails
 + Level 7.2 Polearms
 + Level 7.2 Staves
 + Level 7.2 Ranged Weapons
 + Level 7.2 Throwing
 + Level 7.8 Armour
 + Level 7.2 Dodging
 + Level 7.2 Stealth
 + Level 7.2 Shields
 + Level 7.2 Unarmed Combat
 + Level 7.8 Spellcasting
 + Level 6.0 Conjurations
 + Level 6.0 Hexes
 + Level 6.0 Summonings
 + Level 6.0 Necromancy
 + Level 6.0 Translocations
 + Level 6.0 Transmutations
 + Level 6.0 Fire Magic
 + Level 6.0 Ice Magic
 + Level 6.0 Air Magic
 + Level 6.0 Earth Magic
 + Level 6.0 Poison Magic
 + Level 8.4 Invocations
 + Level 7.8 Evocations


You had 24 spell levels left.
You knew the following spells:

 Your Spells              Type           Power      Damage    Failure   Level
a - Slow                  Hex            56%        N/A       50%         1
b - Sandblast             Erth           28%        2d8       50%         1

Your spell library contained the following spells:

 Spells                   Type           Power      Damage    Failure   Level
 Necrotise                Necr           56%        1d6       50%         1
 Passwall                 Tmut/Erth      11%        N/A       65%         2
 Dazzling Flash           Conj/Hex       28%        N/A       86%         3
 Stone Arrow              Conj/Erth      28%        3d8       86%         3
 Vampiric Draining        Necr           14%        2d7       86%         3
 Iskenderun's Mystic Bla  Conj/Tloc      14%        2d5       99%         4
 Agony                    Necr           14%        N/A       100%        5
 Starburst                Conj/Fire      7%         6d4       100%        6


Dungeon Overview and Level Annotations

Branches:
Dungeon (12/15)            Temple (0/1) D:7            Lair (1/5) D:9
Ossuary (visited)
    Orc: D:9-12

Altars:
Ashenzari
Cheibriados
Dithmenos
Elyvilon
Fedhas
Gozag
Hepliaklqana
Kikubaaqudgha
Makhleb
Nemelex Xobeh
Okawaru
Sif Muna
Trog
Vehumet

Shops:
D:8 !:


Innate Abilities, Weirdness & Mutations

You have very sharp teeth.
Your uncanny sense of smell can sniff out nearby items.
Your experience applies equally to all skills.


Message History

The blink frog hits you.
You thump the blink frog!
The blink frog goes berserk!
The blink frog is severely wounded.
The blink frog hits you!!
* * * LOW HITPOINT WARNING * * *
The blink frog hits you.
* * * LOW HITPOINT WARNING * * *
The blink frog barely misses you.
You barely miss the blink frog.
The blink frog is severely wounded.
The blink frog hits you.
* * * LOW HITPOINT WARNING * * *
The blink frog blinks!
The blink frog hits you but does no damage.
You sock the blink frog! You freeze the blink frog.
The blink frog is almost dead.
The blink frog hits you.
* * * LOW HITPOINT WARNING * * *
The blink frog blinks! x2; You block the blink frog's attack.
Unknown command.
You feel better. You block the blink frog's attack.
You hear a croak.
The blink frog hits you but does no damage.
You miss the blink frog.
You hear a croak.
The blink frog completely misses you.
The blink frog rages.
The blink frog hits you but does no damage. x2
The blink frog barely misses you.
The blink frog attacks as you move away!
The blink frog barely misses you.
The blink frog hits you but does no damage. x2
The blink frog hits you.
* * * LOW HITPOINT WARNING * * *
The blink frog blinks!
The blink frog attacks as you move away!
The blink frog hits you but does no damage.
The blink frog rages.
The blink frog hits you!!
You die...

##.#.....#,,,,** #..#...#.#,,,,,,
##.#.8.#.#,,,,,* **
##.#.....#,,,,,* ,**
#*###........#,,,,** *,***
##.#..##.....##,,,,,* ,,,,**
###.....####+.##,,∆,,**
,,,,,*****#...###..#.....#***,**
**,,,,*,,,..#.F8@##..#....#*,8,**
**,,,,,>*.##...FF.........,,,,,*
**,,,***#..8.>......8...,,∆>,8,
*,,***...#.....#........,,,,,*
**,,,**#...#.8..#..#.##..#,8,**
*,,,***#....#.###......##.#***
**,***,#......*,,F##.###...#,*
**,,,,,.......,,*#.,...#....##
*,,,,,,,......,,*,#,,...#....##


You could see 3 blink frogs.

Vanquished Creatures
  A hydra (Lair:1)
  The ghost of aeroqp the Destroyer, a journeyman TeAE of Vehumet (D:11)
  A centaur warrior (D:9)
  3 two-headed ogres
  An ugly thing (D:11)
  A moth of wrath (D:7)
  The ghost of Anriel the Skirmisher, a novice DEHu of Gozag (D:7)
  2 cane toads (Lair:1)
  A rime drake (Lair:1)
  An unseen horror (D:10)
  A kobold demonologist (Arena)
  A komodo dragon (D:10)
  A troll (D:11)
  Grinder (D:3)
  A blink frog (Lair:1)
  A wraith (D:11)
  A wyvern (D:9)
  16 yaks
  Eustachio (D:5)
  3 vampire mosquitoes (D:11)
  An acid dragon (D:10)
  3 water moccasins
  2 black bears
  2 orc warriors
  An ice beast (D:8)
  A sky beast (D:7)
  2 ogres (D:7)
  9 centaurs
  2 phantoms
  7 bullfrogs
  A necrophage (D:6)
  3 gnoll sergeants
  A scorpion (D:7)
  3 wights (D:9)
  6 killer bees (D:9)
  2 centaur zombies (Ossuary)
  2 human zombies (Ossuary)
  5 hounds
  A jelly (D:6)
  Crazy Yiuf (D:3)
  8 orc priests
  Natasha (twice) (D:3)
  2 gnoll boudas
  3 iguanas
  6 orc wizards
  5 mummies (Ossuary)
  Robin (D:3)
  9 adders
  24 gnolls
  2 shadow imps
  A white imp (D:6)
  2 worms (D:4)
  4 dart slugs
  27 orcs
  7 bats
  11 endoplasms
  2 giant cockroaches
  3 gnoll zombies (Ossuary)
  19 goblins
  6 hobgoblins
  6 jackals
  9 quokkas
  4 ball pythons
  3 frilled lizards
  A hobgoblin zombie (Ossuary)
  3 kobolds
  10 rats
275 creatures vanquished.

Vanquished Creatures (others)
  An orc warrior (D:7)
  An orc (D:7)
  7 fungi
  5 plants (Lair:1)
14 creatures vanquished.

Grand Total: 289 creatures vanquished

Notes
Turn   | Place    | Note
-------+----------+-------------------------------------------
     0 | D:1      | Hercules1031 the Gnoll Wanderer began the quest for the
                  | Orb.
     0 | D:1      | Hercules1031 set off with the following items: a +2
                  | falchion, a +0 hand axe, a +0 scale mail, a potion of
                  | attraction.
     0 | D:1      | Reached XP level 1. HP: 17/17 MP: 4/4
   185 | D:1      | Reached XP level 2. HP: 19/23 MP: 5/5
   525 | D:1      | Reached XP level 3. HP: 28/28 MP: 7/7
   965 | D:2      | Found a faded altar of an unknown god.
   973 | D:2      | Got Plato's Exposition on Fascination
   976 | D:2      | Learned a level 1 spell: Slow
   978 | D:2      | Prayed at the altar of an unknown god.
   978 | D:2      | Became a worshipper of Warmaster Okawaru
   978 | D:2      | Reached * piety under Okawaru
  1139 | D:2      | Reached skill level 1 in Short Blades
  1139 | D:2      | Reached skill level 1 in Maces & Flails
  1139 | D:2      | Reached skill level 1 in Polearms
  1139 | D:2      | Reached skill level 1 in Staves
  1139 | D:2      | Reached skill level 1 in Ranged Weapons
  1139 | D:2      | Reached skill level 1 in Throwing
  1139 | D:2      | Reached skill level 1 in Dodging
  1139 | D:2      | Reached skill level 1 in Stealth
  1139 | D:2      | Reached skill level 1 in Shields
  1139 | D:2      | Reached skill level 1 in Unarmed Combat
  1227 | D:2      | Found a shadowy altar of Dithmenos.
  1314 | D:2      | Reached XP level 4. HP: 34/34 MP: 8/8
  1454 | D:3      | Reached skill level 1 in Conjurations
  1454 | D:3      | Reached skill level 1 in Hexes
  1454 | D:3      | Reached skill level 1 in Summonings
  1454 | D:3      | Reached skill level 1 in Necromancy
  1454 | D:3      | Reached skill level 1 in Translocations
  1454 | D:3      | Reached skill level 1 in Transmutations
  1454 | D:3      | Reached skill level 1 in Fire Magic
  1454 | D:3      | Reached skill level 1 in Ice Magic
  1454 | D:3      | Reached skill level 1 in Air Magic
  1454 | D:3      | Reached skill level 1 in Earth Magic
  1454 | D:3      | Reached skill level 1 in Poison Magic
  1470 | D:3      | Reached XP level 5. HP: 8/40 MP: 9/9
  1507 | D:3      | Identified the +1 leather armour of Bedevilment {rF+}
  1586 | D:3      | Noticed Robin
  1604 | D:3      | Killed Robin
  1883 | D:3      | Noticed Grinder
  1893 | D:3      | Paralysed by Grinder for 3 turns
  1915 | D:3      | Killed Grinder
  1915 | D:3      | Reached ** piety under Okawaru
  1916 | D:3      | Reached XP level 6. HP: 43/47 MP: 9/11
  2129 | D:3      | Noticed Natasha
  2143 | D:3      | Killed Natasha
  2144 | D:3      | Reached XP level 7. HP: 46/52 MP: 12/12
  2231 | D:3      | Found a runed translucent door.
  2232 | D:3      | Noticed Crazy Yiuf
  2240 | D:3      | Killed Crazy Yiuf
  2498 | D:3      | Noticed Natasha
  2563 | D:3      | Killed Natasha
  2739 | D:4      | Reached skill level 9 in Long Blades
  2892 | D:4      | Found a sand-covered staircase.
  2901 | Ossuary  | Entered an ossuary
  3107 | Ossuary  | Reached XP level 8. HP: 60/60 MP: 14/14
  3176 | D:4      | Identified the +2 robe of Uvvach {rPois rC+++ rN+++ Int-2
                  | Slay-5}
  3214 | D:4      | Found a sparkling altar of Nemelex Xobeh.
  3363 | D:5      | Entered Level 5 of the Dungeon
  3788 | D:5      | Reached *** piety under Okawaru
  3844 | D:5      | Noticed Eustachio
  3883 | D:5      | Killed Eustachio
  4130 | D:6      | Found a burning altar of Makhleb.
  4214 | D:6      | Reached skill level 5 in Invocations
  4328 | D:6      | Found a white marble altar of Elyvilon.
  4347 | D:6      | Reached XP level 9. HP: 53/67 MP: 16/16
  4349 | D:6      | Reached skill level 5 in Spellcasting
  4405 | D:6      | Found an ancient bone altar of Kikubaaqudgha.
  4407 | D:6      | Found a shimmering blue altar of Sif Muna.
  4507 | D:6      | Reached **** piety under Okawaru
  4508 | D:6      | Reached skill level 5 in Fighting
  4508 | D:6      | Reached skill level 5 in Axes
  4508 | D:6      | Reached skill level 5 in Armour
  4508 | D:6      | Reached skill level 5 in Evocations
  4910 | D:7      | Found a snail-covered altar of Cheibriados.
  4914 | D:7      | Found a hazy altar of Hepliaklqana.
  4914 | D:7      | Found a broken altar of Ashenzari.
  4923 | D:7      | Found a blossoming altar of Fedhas.
  4923 | D:7      | Found a radiant altar of Vehumet.
  4923 | D:7      | Found an opulent altar of Gozag.
  4950 | D:7      | Noticed a moth of wrath
  4952 | D:7      | Noticed Anriel's ghost (novice DEHu)
  4957 | D:7      | Found a transporter.
  4960 | D:7      | Found a transporter.
  4961 | D:7      | Found a bloodstained altar of Trog.
  4987 | D:7      | Killed a moth of wrath
  4997 | D:7      | Killed Anriel's ghost
  4998 | D:7      | Reached skill level 5 in Short Blades
  4998 | D:7      | Reached skill level 5 in Maces & Flails
  4998 | D:7      | Reached skill level 5 in Polearms
  4998 | D:7      | Reached skill level 5 in Staves
  4998 | D:7      | Reached skill level 5 in Ranged Weapons
  4998 | D:7      | Reached skill level 5 in Throwing
  4998 | D:7      | Reached skill level 5 in Dodging
  4998 | D:7      | Reached skill level 5 in Stealth
  4998 | D:7      | Reached skill level 5 in Shields
  4998 | D:7      | Reached skill level 5 in Unarmed Combat
  4998 | D:7      | Reached XP level 10. HP: 44/76 MP: 9/18
  5006 | D:7      | Reached skill level 10 in Long Blades
  5059 | D:7      | Noticed a boulder beetle
  5402 | D:7      | Found a staircase to the Ecumenical Temple.
  5810 | D:8      | Noticed a two-headed ogre
  5818 | D:8      | Killed a two-headed ogre
  5818 | D:8      | Reached ***** piety under Okawaru
  5841 | D:8      | Found Qamexaoti's Book Emporium.
  6050 | D:8      | Found Cylud's Distillery.
  6061 | D:8      | Bought a potion of haste for 150 gold pieces
  6061 | D:8      | Bought a potion of curing for 45 gold pieces
  6061 | D:8      | Bought a potion of heal wounds for 75 gold pieces
  6061 | D:8      | Bought a potion of curing for 45 gold pieces
  6206 | D:8      | You fall into a shaft and drop 3 floors!
  6382 | D:10     | Entered Level 10 of the Dungeon
  6458 | D:9      | Noticed a two-headed ogre
  6471 | D:9      | Killed a two-headed ogre
  6471 | D:9      | Identified the +0 pair of gloves "Yhusipni" {Will+ Regen+
                  | Str+2} (Okawaru gifted it to you on level 9 of the Dungeon)
  6471 | D:9      | Received a gift from Okawaru
  6586 | D:9      | Reached skill level 5 in Conjurations
  6586 | D:9      | Reached skill level 5 in Hexes
  6586 | D:9      | Reached skill level 5 in Summonings
  6586 | D:9      | Reached skill level 5 in Necromancy
  6586 | D:9      | Reached skill level 5 in Translocations
  6586 | D:9      | Reached skill level 5 in Transmutations
  6586 | D:9      | Reached skill level 5 in Fire Magic
  6586 | D:9      | Reached skill level 5 in Ice Magic
  6586 | D:9      | Reached skill level 5 in Air Magic
  6586 | D:9      | Reached skill level 5 in Earth Magic
  6586 | D:9      | Reached skill level 5 in Poison Magic
  6586 | D:9      | Reached XP level 11. HP: 53/83 MP: 21/21
  6686 | D:9      | Found a staircase to the Lair.
  7162 | D:9      | Noticed a centaur warrior
  7177 | D:9      | Killed a centaur warrior
  7812 | D:10     | Noticed a soul eater
  7818 | Arena    | Entered the Arena
  7964 | D:10     | Learned a level 1 spell: Sandblast
  8818 | D:11     | Found an opulent altar of Gozag.
  8889 | D:11     | Found a runed translucent door.
  8890 | D:11     | Noticed aeroqp's ghost (journeyman TeAE)
  9015 | D:11     | Noticed a purple ugly thing
  9040 | D:11     | Killed a purple ugly thing
  9040 | D:11     | Identified the +1 scale mail of Duveozer {Will+ Str-2
                  | Int+2} (Okawaru gifted it to you on level 11 of the
                  | Dungeon)
  9040 | D:11     | Received a gift from Okawaru
  9189 | D:11     | Noticed a two-headed ogre
  9200 | D:11     | Killed a two-headed ogre
  9201 | D:11     | Reached skill level 11 in Long Blades
  9559 | D:11     | Killed aeroqp's ghost
  9862 | Lair:1   | Entered Level 1 of the Lair of Beasts
 10000 | Lair:1   | Noticed an eight-headed hydra
 10010 | Lair:1   | Killed an eight-headed hydra
 10011 | Lair:1   | Reached XP level 12. HP: 70/91 MP: 20/23
 10932 | Lair:1   | Slain by a blink frog

Illustrated notes

Levels and vault maps discovered:
D:1:      reono_arrival_mine, layout_basic, hangedman_decor_diamond_cutter,
          st_stairs_4
D:2:      layout_basic, shapermc_ecumenical_altar_rom_forum, basic_altar,
          minmay_fractal_squares_gapless_5
D:3:      minmay_angry_zag, layout_basic, uniq_natasha, uniq_robin,
          uniq_grinder, uniq_crazy_yiuf_cottage
D:4:      layout_rooms, mainiacjoe_overflow_24_doors,
          nicolae_ossuary_entry_monument, minmay_box_of_dots
D:5:      layout_basic, uniq_eustachio
D:6:      layout_loops_ring, elyvilon_altar_4, bloody_makhleb,
          chequers_temple_overflow_statue_of_worship
D:7:      layout_loops_corners, grunt_temple_overflow_open,
          minmay_temple_entry_statues, gammafunk_ghost_wrathful_warriors,
          minmay_misc_feat_alley
D:8:      layout_loops_cross, serial_shops, nicolae_stop_n_shop_2, shop_statue,
          serial_co_window_serial, co_window_paths_b, co_window_paths_a,
          co_window_corner_a, co_window_of_opportunity_a, co_window_paths_b,
          co_window_paths_c, co_window_unsneaky_path_d, co_window_paths_c,
          co_window_broadway_a, co_window_unsneaky_path_b, co_window_4corner_a
D:9:      layout_basic, dpeg_oklobed_lair, serial_park_tiny_pond
D:10:     layout_roguey
D:11:     layout_basic, gammafunk_ghost_grave,
          nicolae_gozag_cash_rules_everything_around_me
D:12:     layout_irregular_city, hiddenorc2_lemuel, gauntlet_entry_generic,
          uniq_nergalle, uniq_snorg
Lair:1:   layout_cave_pods, grunt_megastairs_1, serial_bayou_shore_b

Skill      XL: |  1  2  3  4  5  6  7  8  9 10 11 12 |
---------------+-------------------------------------+-----
Short Blades   | 1 2 3 4 5 6 7 |  7.2
Maces & Flails | 1 2 3 4 5 6 7 |  7.2
Polearms       | 1 2 3 4 5 6 7 |  7.2
Staves         | 1 2 3 4 5 6 7 |  7.2
Ranged Weapons | 1 2 3 4 5 6 7 |  7.2
Throwing       | 1 2 3 4 5 6 7 |  7.2
Dodging        | 1 2 3 4 5 6 7 |  7.2
Stealth        | 1 2 3 4 5 6 7 |  7.2
Shields        | 1 2 3 4 5 6 7 |  7.2
Unarmed Combat | 1 2 3 4 5 6 7 |  7.2
Spellcasting   | 3 4 5 6 7 |  7.8
Conjurations   | 1 2 3 4 5 6 |  6.0
Hexes          | 1 2 3 4 5 6 |  6.0
Summonings     | 1 2 3 4 5 6 |  6.0
Necromancy     | 1 2 3 4 5 6 |  6.0
Translocations | 1 2 3 4 5 6 |  6.0
Transmutations | 1 2 3 4 5 6 |  6.0
Fire Magic     | 1 2 3 4 5 6 |  6.0
Ice Magic      | 1 2 3 4 5 6 |  6.0
Air Magic      | 1 2 3 4 5 6 |  6.0
Earth Magic    | 1 2 3 4 5 6 |  6.0
Poison Magic   | 1 2 3 4 5 6 |  6.0
Invocations    | 3 4 5 6 7 8 |  8.4
Fighting       | 3 4 5 6 7 |  7.8
Axes           | 3 4 5 6 7 |  7.8
Armour         | 3 4 5 6 7 |  7.8
Evocations     | 3 4 5 6 7 |  7.8
Long Blades    | 9 10 11 | 11.2

Action                   |  1- 3 |  4- 6 |  7- 9 | 10-12 || total
-------------------------+-------+-------+-------+-------++-------
Melee: Falchion          |   102 |   144 |     5 |       ||   251
       Bite              |     5 |    15 |    41 |    55 ||   116
       Punch             |       |     4 |       |       ||     4
       Quarterstaff      |       |       |   354 |   492 ||   846
       Unarmed           |       |       |     2 |       ||     2
Throw: Dart              |       |       |       |    11 ||    11
Invok: Heroism           |       |     2 |     2 |     3 ||     7
       Finesse           |       |       |     1 |       ||     1
       Duel              |       |       |       |     1 ||     1
  Use: Scroll            |       |     5 |    14 |     7 ||    26
       Potion            |       |       |     3 |     8 ||    11
 Stab: Paralysed         |       |       |     3 |       ||     3
       Confused          |       |       |       |     1 ||     1
Armor: Scale mail        |    24 |       |       |       ||    24
       Chain mail        |    72 |    67 |   169 |       ||   308
       Plate armour      |       |       |   135 |   440 ||   575
Dodge: Dodged            |    65 |    36 |   143 |   161 ||   405
Block: Other             |       |       |       |    47 ||    47
